 Dungeon Sprint DCSS version 0.28-a0-1235-g7c8fac35f0 (webtiles) character file.

Game seed: 7621469774742203610

55164 mhtbhm the Merfolkian Porcupine (level 14, -7/153 HPs)
             Began as a Merfolk Berserker on Dec 24, 2021.
             Was the Champion of Trog.
             Killed from afar by a frost giant (43 damage)
             ... with a bolt of cold
             ... in the Dungeon (Sprint IX: "|||||||||||||||||||||||||||||").
             The game lasted 00:07:28 (4177 turns).

mhtbhm the Merfolkian Porcupine (Merfolk Berserker) Turns: 4177, Time: 00:07:29

Health: -7/153     AC: 18    Str: 25    XL:     14   Next: 76%
Magic:  14/14      EV: 24    Int:  7    God:    Trog [******]
Gold:   227        SH:  0    Dex: 13    Spells: 13/13 levels left

rFire   + . .      SeeInvis +   a - +10 bardiche "Susif" {vorpal, rPois Str+3 Stlth-}
rCold   . . .      Faith    .   (shield currently unavailable)
rNeg    . . .      Spirit   .   b - +4 ring mail {rF+}
rPois   +          Reflect  .   k - +0 helmet
rElec   .          Harm     .   t - +0 cloak
rCorr   .          Rampage  .   B - +1 pair of gloves
Will    +....      NoTele   +   (no boots)
Stlth   +.........              (no amulet)
HPRegen 0.35/turn               A - ring of see invisible
MPRegen 0.14/turn               m - +2 ring of evasion

@: on berserk cooldown
A: (nimble swimmer 2), mertail
a: Renounce Religion, Berserk, Trog's Hand, Brothers in Arms


You were in the Dungeon.
You worshipped Trog.
Trog was exalted by your worship.
You visited 1 branch You collected 1944 gold pieces.
You spent 1717 gold pieces at shops.

Inventory:

Hand Weapons
 a - the +10 bardiche "Susif" (weapon) {vorpal, rPois Str+3 Stlth-}
   (Trog gifted it to you in the Dungeon)

   It inflicts extra damage upon your enemies.
   Str:       It affects your strength (+3).
   rPois:     It protects you from poison.
   Stlth:     It makes you less stealthy.
 u - a +4 demon trident of flaming
Missiles
 C - a throwing net (quivered)
Armour
 b - a +4 ring mail of fire resistance (worn)
 k - a +0 helmet (worn)
 t - a +0 cloak (worn)
 B - a +1 pair of gloves (worn)
Jewellery
 m - a +2 ring of evasion (right hand)
 x - a ring of protection from fire
 A - a ring of see invisible (left hand)
Wands
 j - a wand of iceblast (19)
Scrolls
 h - 3 scrolls of blinking
 l - a scroll of fog
 q - 8 scrolls of enchant armour
 r - a scroll of fear
 s - 2 scrolls of enchant weapon
Potions
 c - 3 potions of curing
 d - 10 potions of heal wounds
 e - a potion of haste
 f - 4 potions of magic
 g - 2 potions of berserk rage
 i - a potion of invisibility
 o - 3 potions of mutation
 p - 5 potions of might
 v - 5 potions of cancellation
Miscellaneous
 w - a tin of tremorstones (2/2)


   Skills:
 O Level 27 Fighting
 O Level 27 Polearms
 + Level 14.0 Armour
 + Level 23.4 Dodging
 + Level 5.0 Stealth


You had 13 spell levels left.
You didn't know any spells.
Your spell library was empty.

Dungeon Overview and Level Annotations

Branches:
Dungeon (1/1)

Altars:
Cheibriados
Dithmenos
Elyvilon
Fedhas
Gozag
Hepliaklqana
Kikubaaqudgha
Makhleb
Nemelex Xobeh
Okawaru
Qazlal
Ru
Sif Muna
Trog
Uskayaw
Vehumet
Wu Jian
Xom
Yredelemnul
Zin
The Shining One
Beogh
Jiyva
Lugonu

Shops:
D :*!*


Innate Abilities, Weirdness & Mutations

((You are very nimble when in or above water. (Stealth+, EV+, Speed+++)))
Your lower body shifts to a powerful aquatic tail in water.


Message History

Trog accepts your kill.
Trog appreciates your killing of a magic user.
The brown very ugly thing misses you.
You see here a +2 battleaxe of freezing.
You slice the brown very ugly thing like a ripe choko!!!
The brown very ugly thing is severely wounded.
The brown very ugly thing completely misses you.
You completely miss the brown very ugly thing.
The brown very ugly thing is severely wounded.
You slash the brown very ugly thing!
The brown very ugly thing is almost dead.
You completely miss the brown very ugly thing.
The brown very ugly thing is almost dead.
The brown very ugly thing misses you.
You slice the brown very ugly thing!!
You kill the brown very ugly thing!
Trog accepts your kill.
Your Armour skill increases to level 14!
A frost giant comes into view.
It is wielding a +2 battleaxe of freezing.
The frost giant shouts!
You feel a strong urge to attack something.
The frost giant casts a spell at you. The bolt of cold misses you.
You are no longer berserk.
You are exhausted.
You feel yourself slow down.
As you read the scroll of fear, it crumbles to dust.
You assume a fearsome visage.
The frost giant looks frightened!
You see here a +2 battleaxe of freezing.
Things that are here:
a +2 vampiric lajatang; a +0 robe
Things that are here:
a +3 longbow of flaming; 23 arrows; a +0 barding The frost giant casts a spell at you.
The bolt of cold hits you!!!
* * * LOW HITPOINT WARNING * * *
You feel yourself speed up. The frost giant casts a spell at you.
The bolt of cold hits you!!!
You die... ▓▓▓ uh.

▓▓▓▓▓▓▓▓▓▓▓▓▓▓▓▓▓▓▓▓▓▓▓▓▓▓▓▓▓▓▓▓▓
.)))........))..@...C........)...
♣♣♣♣♣♣♣♣♣♣▓▓▓▓▓▓▓▓▓▓▓▓▓▓▓▓▓▓▓▓▓▓▓
........)'........)†[).....))')..
♣♣♣♣♣♣♣♣♣♣▓▓▓▓▓▓▓▓▓▓▓▓▓▓▓▓▓▓▓▓▓▓▓
.................................
▓▓▓▓▓▓▓▓▓▓▓▓▓▓▓▓▓▓▓▓▓▓▓▓▓▓▓▓▓▓▓▓▓
......[)))))'..........[[[[[[[[.)
▓▓▓▓▓▓▓▓▓▓▓▓▓▓▓▓▓▓▓▓▓▓▓▓▓▓▓▓▓▓▓▓▓
.................................


You could see a frost giant.

Vanquished Creatures
  Saint Roka (D)
  A quicksilver dragon (D)
  A sphinx (D)
  Agnes (D)
  Donald (D)
  2 frost giants (D)
  3 ghost moths (D)
  2 stone giants (D)
  2 very ugly things (D)
  A vampire knight (D)
  Nessos (D)
  An entropy weaver (D)
  A merfolk impaler (D)
  3 great orbs of eyes (D)
  A naga warrior (D)
  2 fire dragons (D)
  7 hydras (D)
  A boulder beetle (D)
  2 ogre magi (D)
  An anaconda (D)
  3 centaur warriors (D)
  A two-headed ogre (D)
  A tengu warrior (D)
  A vampire mage (D)
  An orc high priest (D)
  2 shock serpents (D)
  A spriggan berserker (D)
  An iron troll (D)
  2 sea snakes (D)
  A goliath frog (D)
  A spriggan druid (D)
  3 deep trolls (D)
  A bog body (D)
  A glowing orange brain (D)
  3 lindwurms (D)
  3 wolf spiders (D)
  2 orc knights (D)
  3 ugly things (D)
  A mana viper (D)
  An orc sorcerer (D)
  2 deep elf pyromancers (D)
  An orb spider (D)
  A manticore (D)
  A will-o-the-wisp (D)
  A cyclops (D)
  3 black mambas (D)
  4 cane toads (D)
  A meliai (D)
  3 merfolk (D)
  7 trolls (D)
  2 tyrant leeches (D)
  A hornet (D)
  2 blink frogs (D)
  A slime creature (D)
  A tarantella (D)
  3 redbacks (D)
  A water elemental (D)
  5 yaks (D)
  An acid dragon (D)
  A naga (D)
  3 water moccasins (D)
  12 orc warriors (D)
  4 bullfrogs (D)
  A scorpion (D)
  A hound (D)
  5 orc priests (D)
  An orc wizard (D)
  2 iguanas (D)
  An adder (D)
  3 worms (D)
  5 orcs (D)
  2 endoplasms (D)
  A giant cockroach (D)
  A jackal (D)
  A ball python zombie (D)
  A frilled lizard (D)
  A giant cockroach zombie (D)
155 creatures vanquished.

Vanquished Creatures (collateral kills)
  A deep troll shaman (D)
  An orc knight (D)
  An orc wizard (D)
  4 orcs (D)
7 creatures vanquished.

Vanquished Creatures (others)
  A bloated husk (D)
  A foxfire (D)
2 creatures vanquished.

Grand Total: 164 creatures vanquished

Notes
Turn   | Place    | Note
-------+----------+-------------------------------------------
     0 | D        | mhtbhm the Merfolk Berserker began the quest for the Orb.
     0 | D        | Reached XP level 1. HP: 18/18 MP: 1/1
     9 | D        | Reached skill level 5 in Polearms
    11 | D        | Reached ** piety under Trog
   191 | D        | Noticed an iguana
   191 | D        | Noticed a hound
   191 | D        | Noticed a scorpion
   191 | D        | Noticed an iguana
   194 | D        | Killed an iguana
   195 | D        | Reached skill level 5 in Fighting
   195 | D        | Reached XP level 2. HP: 16/27 MP: 2/2
   195 | D        | Reached XP level 3. HP: 20/33 MP: 3/3
   367 | D        | Killed a scorpion
   367 | D        | Reached *** piety under Trog
   368 | D        | Reached XP level 4. HP: 41/41 MP: 4/4
   372 | D        | Reached XP level 5. HP: 47/47 MP: 5/5
   378 | D        | Reached skill level 10 in Polearms
   378 | D        | Reached skill level 5 in Dodging
   378 | D        | Reached skill level 1 in Stealth
   425 | D        | Found a snail-covered altar of Cheibriados.
   425 | D        | Found a shadowy altar of Dithmenos.
   425 | D        | Found a white marble altar of Elyvilon.
   425 | D        | Found a blossoming altar of Fedhas.
   425 | D        | Found an opulent altar of Gozag.
   426 | D        | Found a hazy altar of Hepliaklqana.
   427 | D        | Found a viscous altar of Jiyva.
   447 | D        | Found an ancient bone altar of Kikubaaqudgha.
   448 | D        | Found a corrupted altar of Lugonu.
   449 | D        | Found a burning altar of Makhleb.
   450 | D        | Found a sparkling altar of Nemelex Xobeh.
   451 | D        | Found an iron altar of Okawaru.
   452 | D        | Found a stormy altar of Qazlal.
   453 | D        | Found a sacrificial altar of Ru.
   454 | D        | Found a shimmering blue altar of Sif Muna.
   455 | D        | Found a bloodstained altar of Trog.
   456 | D        | Found a hide-covered altar of Uskayaw.
   457 | D        | Found a radiant altar of Vehumet.
   458 | D        | Found an ornate altar of the Wu Jian Council.
   459 | D        | Found a shimmering altar of Xom.
   460 | D        | Found a basalt altar of Yredelemnul.
   461 | D        | Found a glowing silver altar of Zin.
   462 | D        | Found a glowing golden altar of the Shining One.
   515 | D        | Noticed an orc warrior
   515 | D        | Noticed an acid dragon
   515 | D        | Noticed a hornet
   515 | D        | Noticed a two-headed ogre
   522 | D        | Killed a two-headed ogre
   522 | D        | Reached **** piety under Trog
   523 | D        | Reached skill level 15 in Polearms
   523 | D        | Reached XP level 6. HP: 62/62 MP: 6/6
   523 | D        | Reached XP level 7. HP: 68/68 MP: 7/7
   526 | D        | Killed a hornet
   527 | D        | Reached XP level 8. HP: 75/75 MP: 8/8
   585 | D        | Noticed a centaur warrior
   585 | D        | Noticed a white ugly thing
   585 | D        | Noticed a deep elf pyromancer
   585 | D        | Noticed a centaur warrior
   585 | D        | Noticed a four-headed hydra
   585 | D        | Noticed a deep elf pyromancer
   590 | D        | Killed a deep elf pyromancer
   590 | D        | Reached ***** piety under Trog
   597 | D        | Killed an 11-headed hydra
   598 | D        | Reached skill level 5 in Armour
   598 | D        | Reached skill level 10 in Dodging
   598 | D        | Reached XP level 9. HP: 83/85 MP: 9/9
   603 | D        | Killed a centaur warrior
   613 | D        | Killed a white ugly thing
   613 | D        | Received a gift from Trog
   616 | D        | Killed a deep elf pyromancer
   617 | D        | Reached XP level 10. HP: 50/95 MP: 10/10
   623 | D        | Killed a centaur warrior
  1058 | D        | Noticed a cane toad
  1058 | D        | Noticed a cane toad
  1061 | D        | Killed a cane toad
  1061 | D        | Noticed a cane toad
  1062 | D        | Reached skill level 15 in Fighting
  1072 | D        | Killed a cane toad
  1083 | D        | Killed a cane toad
  1086 | D        | Reached ****** piety under Trog
  1089 | D        | Received a gift from Trog
  1140 | D        | Noticed a cane toad
  1149 | D        | Received a gift from Trog
  1152 | D        | Reached skill level 5 in Stealth
  1153 | D        | Killed a cane toad
  1154 | D        | Reached XP level 11. HP: 105/105 MP: 11/11
  1202 | D        | Noticed a lindwurm
  1202 | D        | Noticed a lindwurm
  1205 | D        | Killed a lindwurm
  1206 | D        | Noticed a lindwurm
  1210 | D        | Received a gift from Trog
  1215 | D        | Killed a lindwurm
  1221 | D        | Killed a lindwurm
  1424 | D        | Noticed an orc high priest
  1426 | D        | Identified the +10 bardiche "Susif" {vorpal, rPois Str+3
                  | Stlth-} (Trog gifted it to you in the Dungeon)
  1426 | D        | Received a gift from Trog
  1438 | D        | Noticed a sixfirhy
  1438 | D        | Noticed an orc knight
  1444 | D        | Killed an orc high priest
  1454 | D        | Killed an orc knight
  1454 | D        | Received a gift from Trog
  1712 | D        | Received a gift from Trog
  1714 | D        | Noticed an orc knight
  1726 | D        | Killed an orc knight
  1735 | D        | Received a gift from Trog
  1781 | D        | Found Otuynwaa's Assorted Antiques.
  1781 | D        | Noticed a deep troll
  1781 | D        | Noticed an ogre mage
  1781 | D        | Noticed a deep troll
  1781 | D        | Noticed a deep troll
  1784 | D        | Killed a deep troll
  1789 | D        | Killed an ogre mage
  1794 | D        | Killed a deep troll
  1797 | D        | Killed a deep troll
  1798 | D        | Reached XP level 12. HP: 119/119 MP: 12/12
  1798 | D        | Received a gift from Trog
  1801 | D        | Found Loetu's Distillery.
  1883 | D        | Found Teux's General Store.
  1887 | D        | Found Cyhuezoe's Book Shop.
  1889 | D        | Noticed an ogre mage
  1892 | D        | Noticed an iron troll
  1899 | D        | Killed an ogre mage
  1913 | D        | Killed an iron troll
  1916 | D        | Received a gift from Trog
  1958 | D        | Bought a fuming puce potion for 22 gold pieces
  1962 | D        | Bought a potion of mutation for 112 gold pieces
  1968 | D        | Bought a potion of cancellation for 88 gold pieces
  1968 | D        | Bought a potion of might for 44 gold pieces
  1968 | D        | Bought a potion of heal wounds for 55 gold pieces
  1968 | D        | Bought a potion of curing for 33 gold pieces
  1968 | D        | Bought a potion of berserk rage for 55 gold pieces
  1968 | D        | Bought a potion of cancellation for 88 gold pieces
  1968 | D        | Bought 2 potions of cancellation for 176 gold pieces
  1968 | D        | Bought a potion of might for 44 gold pieces
  1970 | D        | Bought a tin of tremorstones (2/2) for 1000 gold pieces
  2141 | D        | Noticed a centaur warrior
  2141 | D        | Noticed a boulder beetle
  2148 | D        | Noticed a tengu warrior
  2152 | D        | Killed a boulder beetle
  2154 | D        | Killed a centaur warrior
  2155 | D        | Reached skill level 27 in Polearms
  2155 | D        | Reached skill level 15 in Dodging
  2156 | D        | Noticed a cyan very ugly thing
  2161 | D        | Noticed a fire dragon
  2166 | D        | Killed a tengu warrior
  2167 | D        | Noticed a vampire knight
  2170 | D        | Killed a cyan very ugly thing
  2172 | D        | Noticed a stone giant
  2176 | D        | Killed a fire dragon
  2176 | D        | Noticed a vampire mage
  2182 | D        | Killed a vampire knight
  2183 | D        | Noticed a great orb of eyes
  2186 | D        | Killed a stone giant
  2188 | D        | Killed a vampire mage
  2188 | D        | Received a gift from Trog
  2189 | D        | Reached XP level 13. HP: 76/134 MP: 13/13
  2191 | D        | Killed a great orb of eyes
  2371 | D        | Noticed Donald
  2377 | D        | Killed Donald
  2474 | D        | Noticed a merfolk impaler
  2492 | D        | Killed a merfolk impaler
  2495 | D        | Received a gift from Trog
  2539 | D        | Noticed a naga warrior
  2553 | D        | Received a gift from Trog
  2559 | D        | Killed a naga warrior
  2696 | D        | Noticed an entropy weaver
  2704 | D        | Killed an entropy weaver
  2704 | D        | Received a gift from Trog
  2903 | D        | Received a gift from Trog
  3008 | D        | Noticed a ghost moth
  3011 | D        | Killed a ghost moth
  3119 | D        | Noticed a ghost moth
  3133 | D        | Killed a ghost moth
  3134 | D        | Reached skill level 10 in Armour
  3427 | D        | Reached XP level 14. HP: 151/151 MP: 14/14
  3490 | D        | Reached skill level 27 in Fighting
  3493 | D        | Received a gift from Trog
  3573 | D        | Noticed Saint Roka
  3585 | D        | Killed Saint Roka
  3590 | D        | Received a gift from Trog
  3660 | D        | Noticed a ghost moth
  3667 | D        | Killed a ghost moth
  3674 | D        | Noticed Nessos
  3684 | D        | Killed Nessos
  3793 | D        | Noticed Agnes
  3801 | D        | Killed Agnes
  3872 | D        | Noticed a quicksilver dragon
  3872 | D        | Noticed a stone giant
  3872 | D        | Noticed a frost giant
  3872 | D        | Noticed a sphinx
  3878 | D        | Killed a sphinx
  3878 | D        | Received a gift from Trog
  3886 | D        | Killed a frost giant
  3891 | D        | Killed a stone giant
  3901 | D        | Killed a quicksilver dragon
  3904 | D        | Noticed a frost giant
  3909 | D        | Noticed a brown very ugly thing
  3987 | D        | Received a gift from Trog
  4143 | D        | Killed a frost giant
  4149 | D        | Killed a brown very ugly thing
  4150 | D        | Noticed a frost giant
  4177 | D        | Killed from afar by a frost giant

Illustrated notes

Levels and vault maps discovered:
D:        linesprint [early_d, line_temple, items_1, d_10, items_2, lair_1,
          lair_end, items_3, orc_1, orc_end, items_4, d_15, swamp_1, shoals_1,
          snake_1, spider_1, d_20, vaults_1, items_5, swamp_end, shoals_end,
          snake_end, spider_end, vaults_end, d_27, items_6, zot_1, zot_end,
          crypt_end, forest_end, elf_end, slime_end, tomb_end, abyss_end,
          pan_hell_end]

Skill      XL: |  1  2  3  4  5  6  7  8  9 10 11 12 13 14 |
---------------+-------------------------------------------+-----
Polearms       | 7 8 9 15 18 20 22 25 27 | 27.0
Fighting       | 5 6 11 13 14 16 19 22 26 27 | 27.0
Dodging        | 3 4 8 10 11 12 14 16 18 23 | 23.4
Armour         | 2 4 5 6 7 8 10 14 | 14.0
Stealth        | 2 3 4 5 |  5.0

Action                   |  1- 3 |  4- 6 |  7- 9 | 10-12 | 13-15 || total
-------------------------+-------+-------+-------+-------+-------++-------
Melee: Spear             |    20 |    10 |       |       |       ||    30
       Halberd           |       |     6 |    42 |    24 |       ||    72
       Glaive            |       |       |       |    82 |       ||    82
       Bardiche          |       |       |       |   105 |   198 ||   303
Invok: Berserk           |     2 |     1 |     1 |     8 |    15 ||    27
       Brothers in Arms  |       |       |       |     1 |     1 ||     2
  Use: Potion            |       |       |       |       |     4 ||     4
       Scroll            |       |       |       |       |     1 ||     1
Armor: Animal skin       |     3 |       |       |       |       ||     3
       Ring mail         |       |       |     9 |    20 |    47 ||    76
Dodge: Dodged            |     2 |     2 |    20 |    59 |   114 ||   197

Table legend: (Time is in decaauts)
 A = Elapsed time spent in this place.
 B = Non-inter-level travel time spent in this place.
 C = Inter-level travel time spent in this place.
 D = Time resting spent in this place.
 E = Time spent auto-exploring this place.
 F = Levels seen in this place.
 G = Mean time per level.
                   A        B        C        D        E       F      G
               +--------+--------+--------+--------+--------+-----+--------+
         Total |   4218 |   4218 |      0 |   2298 |    681 |   1 | 4218.0 |
       Dungeon |   4218 |   4218 |      0 |   2298 |    681 |   1 | 4218.0 |
               +--------+--------+--------+--------+--------+-----+--------+

Top non-repeatable levels by time:
       D: 4218 daAuts
